 Dungeon Crawl Stone Soup version 0.29.1-13-g9f3cf754e1 (webtiles) character file.

Game seed: 4016143938406034440

93267 raph the Impaler (level 15, 0/139 HPs)
             Began as a Minotaur Fighter on Jan 19, 2023.
             Was a High Priest of Trog.
             Slain by a sphinx (7 damage)
             ... summoned by Kirke
             ... while paralysed by a sphinx
             ... on level 15 of the Dungeon.
             The game lasted 00:41:14 (28454 turns).

raph the Impaler (Minotaur Fighter)                Turns: 28454, Time: 00:41:14

Health: 0/139      AC: 27    Str: 29    XL:     15   Next: 60%
Magic:  11/14      EV:  2    Int:  5    God:    Trog [*****.]
Gold:   1452       SH:  0    Dex: 17    Spells: 14/14 levels left

rFire   . . .      SeeInvis .   l - +2 bardiche (flame)
rCold   + + .      Faith    .   (shield currently unavailable)
rNeg    + . .      Spirit   .   W - +0 plate armour
rPois   +          Reflect  .   f - +0 hat of Absolutism {rElec rC+ rN+}
rElec   +          Harm     .   C - +2 cloak {rCorr}
rCorr   +          Rampage  ∞   q - +1 pair of gloves "Wuduupn" {-Cast Will- rCorr Str+8}
Will    .....      NoCast   +   A - +3 pair of seven-league boots {Rampage+∞}
Stlth   ..........              (no amulet)
HPRegen 0.33/turn               x - ring "Iphuf" {Fly EV+4}
MPRegen 0.14/turn               s - ring "Deacefacs" {rPois rC+}

@: paralysed, flying, slowed, studying Stealth
A: horns 2, retaliatory headbutt
a: Renounce Religion, Berserk, Trog's Hand, Brothers in Arms


You were on level 15 of the Dungeon.
You worshipped Trog.
Trog was extremely pleased with you.
You visited 3 branches of the dungeon, and saw 22 of its levels.
You visited the Abyss 1 time.
You also visited: Sewer and Bailey.

You collected 2027 gold pieces.
You spent 575 gold pieces at shops.

Inventory:

Hand Weapons
 a - a +6 vorpal glaive
 b - a +6 trident
 j - a +2 vampiric glaive
 l - a +2 bardiche of flaming (weapon)
 w - a +1 sling of freezing
Missiles
 k - 13 boomerangs (quivered)
 t - 11 poisoned darts
 y - a curare-tipped dart
 L - 4 throwing nets
Armour
 f - the +0 hat of Absolutism (worn) {rElec rC+ rN+}
   (You found it on level 15 of the Dungeon)

   rC:        It protects you from cold.
   rElec:     It insulates you from electricity.
   rN:        It protects you from negative energy.
 q - the +1 pair of gloves "Wuduupn" (worn) {-Cast Will- rCorr Str+8}
   (You found it on level 2 of the Dungeon)

   Str:       It affects your strength (+8).
   -Cast:     It prevents spellcasting.
   rCorr:     It protects you from acid and corrosion.
   Will:      It decreases your willpower.
 A - the +3 pair of seven-league boots (worn) {Rampage+∞}
   (You acquired it on level 7 of the Dungeon)

   Its wearer moves as far as possible in that direction when moving towards
   enemies.
 C - a +2 cloak of preservation (worn)
 M - a scarf of resistance
 U - a +1 scale mail of poison resistance
 W - a +0 plate armour (worn)
Jewellery
 c - a ring of see invisible
 n - a +4 ring of evasion
 s - the ring "Deacefacs" (right hand) {rPois rC+}
   (You found it on level 4 of the Lair of Beasts)

   [ring of poison resistance]

   rC:        It protects you from cold.
   rPois:     It protects you from poison.
 x - the ring "Iphuf" (left hand) {Fly EV+4}
   (You found it on level 15 of the Dungeon)

   [ring of evasion]

   EV:        It affects your evasion (+4).
   Fly:       It grants you flight.
 N - the ring "Mudym" {Fire rElec rN+ Int+3}
   (You found it on level 15 of the Dungeon)

   [ring of fire]

   It enhances your fire magic.
   Int:       It affects your intelligence (+3).
   rF:        It protects you from fire.
   rC:        It makes you vulnerable to cold.
   rElec:     It insulates you from electricity.
   rN:        It protects you from negative energy.
 R - a ring of flight
Wands
 r - a wand of flame (24)
 G - a wand of charming (8)
 O - a wand of light (16)
 Q - a wand of iceblast (8)
 V - a wand of mindburst (17)
 Y - a wand of digging (14)
Scrolls
 e - a scroll of brand weapon
 h - 2 scrolls of torment
 i - 6 scrolls of blinking
 o - 9 scrolls of enchant armour
 D - a scroll of magic mapping
 E - 5 scrolls of teleportation
 I - 3 scrolls of poison
 J - 3 scrolls of butterflies
 K - 3 scrolls of fear
Potions
 d - 7 potions of might
 g - 8 potions of mutation
 m - 8 potions of invisibility
 p - 3 potions of ambrosia
 u - 5 potions of flight
 v - 9 potions of heal wounds
 z - 3 potions of resistance
 B - 2 potions of berserk rage
 H - 8 potions of magic
 S - 10 potions of haste
 T - a potion of cancellation
 X - 4 potions of curing


   Skills:
 * Level 14.9 Fighting
 * Level 19.4 Polearms
 + Level 8.6 Throwing
 * Level 14.9 Armour
 + Level 11.8 Dodging
 - Level 3.6 Shields
 + Level 6.9 Evocations


You had 14 spell levels left.
You didn't know any spells.
Your spell library was empty.

Dungeon Overview and Level Annotations

Branches:
Dungeon (15/15)            Temple (0/1) D:6            Lair (5/5) D:10
 Shoals (0/4) Lair:3       Spider (0/4) Lair:2        Slime (0/5) Lair:5
    Orc (2/2) D:11            Elf (0/3) Orc:2        Vaults (0/5) D:14
  Sewer (visited)          Bailey (visited)
 Depths: D:15

Altars:
Cheibriados
Elyvilon
Kikubaaqudgha
Okawaru
Qazlal
Ru
Trog
Vehumet
Wu Jian
Zin
The Shining One
Lugonu

Shops:
D:3 :   D:8 (*   D:15 ![   Orc:2 :(:!

Annotations:
D:11 2 transporters
D:15 1 transporter, Kirke
Lair:3 2 transporters, Ruicvywi's ghost, journeyman OgTm
Lair:5 exclusion: obsidian statue


Innate Abilities, Weirdness & Mutations

You have a pair of horns on your head.
You reflexively headbutt those who attack you in melee.


Message History

You furiously retaliate!
You headbutt the vampire mosquito! The hog misses you. You furiously retaliate!
You headbutt the hog!
The sphinx casts a spell.
You suddenly lose the ability to move!
Kirke hits you but does no damage. The vampire mosquito bites you.
The great orb of eyes bites you but does no damage.
The hog bites you! The vampire mosquito bites you. The sphinx hits you.
The sphinx hits you but does no damage. x2; Kirke hits you!
The hog completely misses you. The vampire mosquito bites you.
The great orb of eyes bites you but does no damage.
The vampire mosquito bites you!
The vampire mosquito draws strength from your injuries!
The sphinx hits you but does no damage. x2; The sphinx barely misses you.
Kirke casts a spell at you.
You barely resist. The hog bites you but does no damage.
The vampire mosquito bites you but does no damage.
The great orb of eyes gazes at you.
Your mind is blasted!
* * * LOW HITPOINT WARNING * * *
The sphinx hits you but does no damage. The sphinx hits you.
* * * LOW HITPOINT WARNING * * *
The sphinx hits you but does no damage. The vampire mosquito bites you!
* * * LOW HITPOINT WARNING * * *
The vampire mosquito draws strength from your injuries!
The hog barely misses you. Kirke hits you but does no damage.
The great orb of eyes bites you!
* * * LOW HITPOINT WARNING * * *
The vampire mosquito bites you but does no damage.
The sphinx barely misses you. The sphinx hits you.
* * * LOW HITPOINT WARNING * * *
The sphinx hits you but does no damage. The hog bites you but does no damage.
The vampire mosquito bites you but does no damage.
Kirke gestures at you while chanting.
You feel as though you will be slow longer.
The hog bites you but does no damage.
The great orb of eyes bites you but does no damage.
The sphinx hits you!
You die...

#.......#.≈~....###.(##
###'#....#......##...(##
#...##....#.....#).....#
#..<.+..........#)##...#
#?)..#....)..#.....#..##
#<(###+#......#....'.##
#### ##..hh......###
+..y@H......##
#.HG@........#
#..h.....#...####
####.....#.#...#..##
##!.##..#.#.....'...#
##(...+..#.......#(.)#
#∩∩...#..........#..⌠#
#$...)........#.#..?#
.⌠..
##:.##......#...+...#
...
#######.....#.....#..##


You could see Kirke, a sphinx (summoned), a great orb of eyes, a manticore
(summoned), 3 hogs and a vampire mosquito.

Vanquished Creatures
  A stone giant (D:15)
  Azrael (D:15)
  2 dire elephants (Lair:5)
  8 hydras
  A great orb of eyes (D:15)
  4 ogre magi (Orc:2)
  6 vault guards
  4 boulder beetles
  3 centaur warriors (D:15)
  A catoblepas (D:15)
  11 two-headed ogres
  A death knight (D:14)
  6 death yaks
  2 tengu warriors (D:15)
  Nergalle (D:11)
  A spectral anaconda (Lair:5)
  2 wizards (D:14)
  5 necromancers
  2 deep elf pyromancers
  3 orc knights
  A deep elf zephyrmancer (D:15)
  8 ugly things
  An orc sorcerer (Orc:1)
  6 manticores
  A salamander (shapeshifter) (D:14)
  15 elephants
  3 slime creatures (D:13)
  Joseph (D:7)
  5 cyclopes
  A black mamba (Lair:5)
  A dire elephant skeleton (Lair:5)
  A smoke demon (Abyss:2)
  A gargoyle (D:10)
  8 cane toads
  2 kobold demonologists
  2 rime drakes
  8 komodo dragons
  A komodo dragon (shapeshifter) (D:15)
  2 yaktaurs
  6 trolls
  A spectral elephant (Lair:5)
  19 blink frogs
  5 dream sheep (Lair:5)
  67 yaks
  2 hogs (D:15)
  5 fire elementals
  3 basilisks
  5 wyverns
  A golden eye (shapeshifter) (D:15)
  16 humans (D:14)
  A redback simulacrum (D:15)
  A chaos spawn (Abyss:2)
  A redback (Lair:2)
  A death yak simulacrum (Lair:5)
  9 vampire mosquitoes
  3 wargs
  15 water moccasins
  2 floating eyes (D:15)
  A small abomination (Abyss:2)
  3 hell hounds (D:15)
  An ice beast (D:7)
  14 orc warriors
  A sky beast (D:7)
  2 black bears (D:5)
  24 ogres
  3 boggarts (D:14)
  8 centaurs
  An elephant skeleton (Lair:5)
  A phantom (D:4)
  2 kobold brigands (Sewer)
  6 bullfrogs
  2 necrophages
  4 gnoll sergeants
  5 scorpions
  12 wights
  13 killer bees
  An elephant simulacrum (Lair:5)
  An electric eel (Lair:1)
  A howler monkey (D:10)
  6 hounds
  3 jellies
  A gnoll bouda (D:7)
  16 orc priests
  Jessica (D:2)
  3 iguanas
  18 orc wizards
  33 gnolls
  6 adders
  6 river rats
  2 white imps
  4 worms
  2 dart slugs
  67 orcs
  8 ball pythons
  8 endoplasms
  5 giant cockroaches
  4 goblins
  4 hobgoblins
  12 jackals
  15 kobolds
  4 quokkas
  5 bats
  6 frilled lizards (Sewer)
  10 rats
651 creatures vanquished.

Vanquished Creatures (collateral kills)
  2 two-headed ogres (Orc:2)
  A neqoxec (Abyss:2)
  2 large abominations (Abyss:2)
  2 ogres (Orc:2)
  A jelly (Abyss:2)
8 creatures vanquished.

Vanquished Creatures (others)
  A culicivora (shapeshifter) (D:15)
  A killer bee (D:11)
  A bush (Lair:5)
  24 fungi
  51 plants
  21 withered plants
99 creatures vanquished.

Grand Total: 758 creatures vanquished

Notes
Turn   | Place    | Note
-------+----------+-------------------------------------------
     0 | D:1      | raph the Minotaur Fighter began the quest for the Orb.
     0 | D:1      | Reached XP level 1. HP: 19/19 MP: 0/0
   189 | D:1      | Reached skill level 3 in Polearms
   391 | D:1      | Reached XP level 2. HP: 26/26 MP: 1/1
   614 | D:1      | Found a faded altar of an unknown god.
   771 | D:1      | Reached skill level 4 in Polearms
   890 | D:2      | Noticed Jessica
  1569 | D:2      | Reached XP level 3. HP: 29/31 MP: 2/2
  1635 | D:2      | Killed Jessica
  1636 | D:2      | Reached skill level 5 in Polearms
  1723 | D:2      | Reached XP level 4. HP: 39/39 MP: 3/3
  1974 | D:2      | Identified the +1 pair of gloves "Wuduupn" {-Cast Will-
                  | rCorr Str+8}
  2140 | D:3      | Found Saiqoym's Book Shoppe.
  2141 | D:3      | You fall into a shaft and drop 2 floors!
  2141 | D:5      | Entered Level 5 of the Dungeon
  2635 | D:3      | Noticed a necrophage
  2640 | D:3      | Killed a necrophage
  2641 | D:3      | Reached skill level 6 in Polearms
  2641 | D:3      | Reached XP level 5. HP: 45/45 MP: 4/4
  3184 | D:3      | Reached skill level 7 in Polearms
  3379 | D:3      | Noticed a moth of wrath
  3382 | D:3      | Found a bloodstained altar of Trog.
  3974 | D:3      | Became a worshipper of Trog the Wrathful
  4047 | D:4      | Found a stormy altar of Qazlal.
  4102 | D:4      | Reached XP level 6. HP: 48/51 MP: 5/5
  4136 | D:4      | Reached skill level 8 in Polearms
  4489 | D:4      | Reached skill level 9 in Polearms
  4692 | D:5      | Reached * piety under Trog
  4701 | D:5      | Reached XP level 7. HP: 57/57 MP: 6/6
  4734 | D:5      | Found a snail-covered altar of Cheibriados.
  4874 | D:5      | Reached skill level 10 in Polearms
  5240 | D:5      | Found an ornate altar of the Wu Jian Council.
  5291 | D:5      | Reached skill level 11 in Polearms
  5594 | D:6      | Reached XP level 8. HP: 64/64 MP: 7/7
  5955 | D:6      | Reached skill level 12 in Polearms
  5967 | D:6      | Reached skill level 13 in Polearms
  6012 | D:6      | Found a glowing drain.
  6024 | Sewer    | Entered a sewer
  6494 | Sewer    | Reached ** piety under Trog
  6777 | D:6      | Reached skill level 14 in Polearms
  6777 | D:6      | Reached XP level 9. HP: 46/71 MP: 8/8
  6913 | D:6      | Found a staircase to the Ecumenical Temple.
  6919 | D:6      | Reached skill level 1 in Dodging
  6959 | D:6      | Found a glowing golden altar of the Shining One.
  6962 | D:6      | Found a glowing silver altar of Zin.
  6964 | D:6      | Found a white marble altar of Elyvilon.
  7409 | D:7      | Noticed Joseph
  7420 | D:7      | Killed Joseph
  7421 | D:7      | Reached skill level 5 in Fighting
  7421 | D:7      | Reached skill level 5 in Armour
  7997 | D:7      | Identified 3 scrolls of acquirement
  7997 | D:7      | Acquired a manual of Stealth
  7999 | D:7      | Acquired a +1 cloak of preservation
  8006 | D:7      | Acquired the +3 pair of seven-league boots {Rampage+∞}
  8006 | D:7      | Found the +3 pair of seven-league boots {Rampage+∞}
  8506 | D:8      | Found Vonequ's Antique Weapon Boutique.
  8711 | D:8      | Found a radiant altar of Vehumet.
  8791 | D:8      | Reached *** piety under Trog
  8792 | D:8      | Reached skill level 5 in Dodging
  8802 | D:8      | Reached XP level 10. HP: 74/83 MP: 9/9
  9345 | D:8      | Identified the +7 great sword of Eternal Night {freeze,
                  | rC++ Will+ Dex-4}
  9403 | D:8      | Found Qeirul's Assorted Antiques.
  9411 | D:8      | Bought a scroll of identify for 52 gold pieces
  9411 | D:8      | Bought a scroll of identify for 52 gold pieces
 10008 | D:9      | Found an iron altar of Okawaru.
 10383 | D:9      | Found a sacrificial altar of Ru.
 10853 | D:10     | Entered Level 10 of the Dungeon
 10862 | D:10     | Noticed a gargoyle
 10886 | D:10     | Killed a gargoyle
 11266 | D:10     | Found a staircase to the Lair.
 11450 | D:10     | Found a flagged portal.
 11470 | Bailey   | Entered a bailey
 11484 | Bailey   | Reached **** piety under Trog
 11977 | Bailey   | Noticed an orc knight
 11993 | Bailey   | Killed an orc knight
 12296 | D:10     | Found an ancient bone altar of Kikubaaqudgha.
 12563 | D:10     | Reached skill level 1 in Throwing
 12566 | D:10     | Reached XP level 11. HP: 49/95 MP: 10/10
 12918 | Lair:1   | Entered Level 1 of the Lair of Beasts
 13412 | Lair:1   | Reached skill level 15 in Polearms
 14246 | Lair:2   | Found a hole to the Spider Nest.
 14691 | Lair:3   | Reached skill level 10 in Armour
 14699 | Lair:3   | Reached skill level 1 in Evocations
 14710 | Lair:3   | Reached skill level 10 in Fighting
 14808 | Lair:3   | Found a transporter.
 14813 | Lair:3   | Noticed Ruicvywi's ghost (journeyman OgTm)
 14856 | Lair:3   | Noticed a five-headed hydra
 14858 | Lair:3   | Noticed a death yak
 15103 | Lair:3   | Reached XP level 12. HP: 106/106 MP: 11/11
 15106 | Lair:3   | Found a transporter.
 15121 | Lair:3   | Noticed an eight-headed hydra
 15131 | Lair:3   | Killed an eight-headed hydra
 15316 | Lair:3   | Noticed a boulder beetle
 15343 | Lair:3   | Killed a boulder beetle
 15357 | Lair:3   | Found a staircase to the Shoals.
 15362 | Lair:3   | Noticed a five-headed hydra
 15371 | Lair:3   | Killed a five-headed hydra
 15559 | Lair:3   | Reached skill level 16 in Polearms
 16318 | Lair:3   | Reached skill level 5 in Throwing
 16326 | Lair:3   | Reached ***** piety under Trog
 16809 | Lair:4   | Noticed a four-headed hydra
 16817 | Lair:4   | Killed a four-headed hydra
 17042 | Lair:4   | Noticed a four-headed hydra
 17053 | Lair:4   | Killed a four-headed hydra
 17079 | Lair:4   | Acquired a +4 ring of evasion
 17088 | Lair:4   | Identified the ring "Deacefacs" {rPois rC+}
 17372 | Lair:5   | Entered Level 5 of the Lair of Beasts
 17372 | Lair:5   | Noticed a death yak
 17372 | Lair:5   | Noticed a death yak
 17372 | Lair:5   | Noticed a death yak
 17372 | Lair:5   | Noticed a death yak
 17382 | Lair:4   | Killed a death yak
 17389 | Lair:4   | Killed a death yak
 17534 | Lair:5   | Killed a death yak
 17542 | Lair:5   | Killed a death yak
 17543 | Lair:5   | Reached XP level 13. HP: 116/116 MP: 12/12
 17618 | Lair:5   | Reached skill level 17 in Polearms
 17841 | Lair:5   | Reached skill level 10 in Dodging
 18422 | Lair:5   | Found a staircase to the Slime Pits.
 18743 | Lair:5   | Noticed a dire elephant
 19137 | Lair:5   | Reached skill level 5 in Evocations
 19165 | Lair:5   | Killed a dire elephant
 19270 | Lair:5   | Noticed a dire elephant
 19283 | Lair:5   | Killed a dire elephant
 19823 | D:11     | Found a staircase to the Orcish Mines.
 20009 | D:11     | Reached XP level 14. HP: 127/127 MP: 13/13
 20263 | D:11     | Reached skill level 18 in Polearms
 20435 | D:11     | Noticed Nergalle
 20441 | D:11     | Killed Nergalle
 20465 | D:11     | Found a transporter.
 20467 | D:11     | Found a corrupted altar of Lugonu.
 20541 | Orc:1    | Entered Level 1 of the Orcish Mines
 21039 | Orc:2    | Entered Level 2 of the Orcish Mines
 21322 | Orc:2    | Reached ****** piety under Trog
 21351 | Orc:2    | Paralysed by an ogre mage for 2 turns
 21381 | Orc:2    | Paralysed by an ogre mage for 4 turns
 21411 | Orc:2    | Received a gift from Trog
 21417 | Orc:2    | Found Pikuetaos's Book Shoppe.
 21417 | Orc:2    | Found Nujoeh's Book Boutique.
 21417 | Orc:2    | Found Tym Dies's Weapon Boutique.
 21417 | Orc:2    | Found Biss's Distillery.
 21427 | Orc:2    | Bought a potion of haste for 150 gold pieces
 21427 | Orc:2    | Bought a potion of haste for 150 gold pieces
 21427 | Orc:2    | Bought a potion of heal wounds for 75 gold pieces
 22251 | Orc:2    | Found a staircase to the Elven Halls.
 22747 | D:11     | Found a transporter.
 23016 | D:12     | Identified the +1 pair of gloves of Hairy Creativity {rElec
                  | rCorr Int+3 Dex-5}
 24842 | D:14     | Received a gift from Trog
 25035 | D:14     | Reached XP level 15. HP: 97/138 MP: 14/14
 26350 | D:14     | Found a gate to the Vaults.
 26351 | Abyss:2  | Found a corrupted altar of Lugonu.
 26351 | Abyss:2  | Cast into level 2 of the Abyss (a wizard)
 26422 | Abyss:2  | Reached skill level 19 in Polearms
 26422 | Abyss:2  | Gained mutation: You are occasionally teleported next to
                  | monsters. [a neqoxec]
 26445 | Abyss:2  | Lost mutation: You are occasionally teleported next to
                  | monsters. [a neqoxec]
 26492 | D:14     | Escaped the Abyss
 26854 | D:15     | Entered Level 15 of the Dungeon
 26961 | D:15     | Identified the ring "Mudym" {Fire rElec rN+ Int+3}
 27082 | D:15     | Found Honuchir's Distillery.
 27089 | D:15     | Identified the +0 hat of Absolutism {rElec rC+ rN+}
 27097 | D:15     | Bought a potion of might for 48 gold pieces
 27097 | D:15     | Bought a potion of might for 48 gold pieces
 27116 | D:15     | Found a transporter.
 27118 | D:15     | Identified the +7 triple crossbow of the Endless Invaders
                  | {venom, rElec}
 27761 | D:15     | Received a gift from Trog
 27807 | D:15     | Noticed Azrael
 27823 | D:15     | Killed Azrael
 28422 | D:15     | Identified the ring "Iphuf" {Fly EV+4}
 28435 | D:15     | Found Zefuf's Armour Shoppe.
 28440 | D:15     | Noticed Kirke
 28444 | D:15     | Noticed a sphinx
 28450 | D:15     | Paralysed by a sphinx for 5 turns
 28453 | D:15     | HP: 6/139 [sphinx[Kirke] (5)]
 28454 | D:15     | Slain by a sphinx

Illustrated notes

Levels and vault maps discovered:
D:1:      saegor_arrival_simple_b, layout_basic, ebering_ecumenical_altar_hall
D:2:      layout_loops_ring, uniq_jessica
D:3:      layout_loops_corners, tgw_trog, serial_shops, nicolae_shop_waterfront,
          kennysheep_another_room
D:4:      layout_rooms, nicolae_overflow_hidden_temple
D:5:      layout_basic, mainiacjoe_overflow_brackets, cheibriados_altar_1,
          chequers_serial_rivers_small_b
D:6:      layout_rooms, good_gods_mini_temple, temple_fountains,
          portal_sewer_entry_a, glass_columns_a
D:7:      layout_basic, eino_small_chamber_without_monster,
          chequers_serial_rivers_large_b, kennysheep_generic_room_11,
          uniq_joseph
D:8:      layout_basic, vehumet_crystals, serial_shops, nicolae_shop_stone,
          nicolae_stop_n_shop_1
D:9:      layout_irregular_city, mainiacjoe_overflow_cross_hatched,
          mainiacjoe_overflow_paths
D:10:     layout_irregular_city, kiku_gazebo_garden_becter, lair_entry_dummy,
          enter_bailey_4, nicolae_benzene_ring
D:11:     gammafunk_corrupted_shrine, layout_loops_ring,
          minmay_orc_entry_temple_small, uniq_nergalle
D:12:     layout_grid_maze
D:13:     layout_irregular_city
D:14:     layout_layer_cave, grunt_vaults_entry_tiered,
          minmay_misc_feat_hallway, minmay_misc_feat_four_crosses
D:15:     hangedman_spin_cycle
Lair:1:   layout_roguey, serial_bayou_shore_a, lemuel_fruit_tree,
          lemuel_fruit_fields, infiniplex_staircase_pool_2
Lair:2:   layout_long_grid, spider_nest_entry_rubble, grunt_megastairs_4,
          infiniplex_staircase_pool
Lair:3:   layout_regular_city, minmay_shoals_entry_centaurs, nzn_ghost_randoct
Lair:4:   layout_hall_layers, grunt_megastairs_3
Lair:5:   due_jungle_book, layout_regular_city, slime_entry_1
Orc:1:    layout_caves
Orc:2:    st_orc_ogre_mass, layout_caves

Skill      XL: |  1  2  3  4  5  6  7  8  9 10 11 12 13 14 15 |
---------------+----------------------------------------------+-----
Polearms       | 3 4 5 6 7 9 11 14 15 16 17 18 19 | 19.4
Dodging        | 5 7 8 9 10 11 | 11.8
Fighting       | 6 8 10 11 12 14 | 14.9
Armour         | 6 8 10 11 12 14 | 14.9
Throwing       | 1 4 5 7 8 |  8.6
Evocations     | 2 4 5 6 |  6.9
Shields        | |  3.6

Action                   |  1- 3 |  4- 6 |  7- 9 | 10-12 | 13-15 || total
-------------------------+-------+-------+-------+-------+-------++-------
Melee: Trident           |    85 |   154 |   276 |    22 |    25 ||   562
       Headbutt          |    11 |    23 |    43 |    99 |   196 ||   372
       Glaive            |       |       |    59 |   529 |   824 ||  1412
       Bardiche          |       |       |       |       |    68 ||    68
 Fire: Sling             |       |       |    12 |       |       ||    12
Throw: Dart              |       |     7 |     7 |    16 |    20 ||    50
       Boomerang         |       |       |       |       |     6 ||     6
Invok: Berserk           |       |       |     6 |     7 |     7 ||    20
       Trog's Hand       |       |       |       |     1 |     2 ||     3
       Brothers in Arms  |       |       |       |       |     3 ||     3
Evoke: Wand              |       |       |       |     2 |       ||     2
  Use: Potion            |       |     2 |       |       |     1 ||     3
       Scroll            |       |    10 |    13 |    10 |     5 ||    38
 Stab: Distracted        |       |       |       |       |     2 ||     2
Armor: Scale mail        |    21 |    38 |    78 |    71 |       ||   208
       Plate armour      |       |       |       |   212 |   374 ||   586
Dodge: Dodged            |    23 |    33 |    84 |   293 |   593 ||  1026
Block: Buckler           |     8 |    22 |    34 |       |       ||    64
